Map: Ulzaan

Players

kpa

  • Race: Zerg Zerg
  • League: Diamond
  • Spawn Location: 1:00

CaS

  • Race: Zerg Zerg
  • League: Platinum
  • Spawn Location: 3:00

Throwfordays - Winner!

  • Race: Protoss Protoss
  • League: Silver
  • Spawn Location: 11:00

Faust - Winner!

  • Race: Zerg Zerg
  • League: Diamond
  • Spawn Location: 9:00

VOD

Have the link to the VOD?

Description

Time

  • Played on: Feb. 10, 2019, 12:13 a.m.
  • Length: 10:42
Show
View Real Time Build Order
Export as new Build Order

kpa Zerg 

Build Orders: Pool First 

Get SALT Encoding   

  12  0:04  Drone  
  13  0:13  Overlord  
  13  0:23  Drone  
  14  0:35  Drone  
  15  0:46  Drone  
  15  0:47  Spawning Pool  
  15  0:49  Drone  
  16  1:13  Hatchery  
  16  1:16  Drone  
  16  1:19  Drone  
  16  1:23  Drone  
  18  1:32  Extractor  
  17  1:35  Queen  
  17  1:38  Drone  
  20  1:42  Drone  
  21  2:17  Queen, Hatchery  
  21  2:22  Overlord  
  23  2:40  Zergling x2  
  23  2:41  Zergling x8  
  28  2:55  Queen  
  28  2:56  Hatchery  
  29  3:01  Metabolic Boost  
  29  3:03  Drone  
  30  3:29  Drone  
  30  3:30  Drone x5  
  36  3:37  Lair  
  34  4:08  Zergling x2  
  34  4:09  Zergling x14  
  42  4:10  Overlord  
  39  4:37  Zergling x16  
  33  5:10  Evolution Chamber  
  32  5:18  Drone  
  32  5:19  Zergling x2, Drone x6  
  32  5:20  Overlord x3  
  36  5:37  Overlord  
  36  5:43  Zergling x16  
  36  5:45  Zerg Ground Armor Level 1  
  44  5:55  Queen  
  42  6:21  Zergling x2  
  42  6:22  Zergling x20  
  51  6:40  Queen  
  53  6:51  Drone x2  
  55  6:56  Extractor  
  55  6:57  Spine Crawler  
  55  6:58  Drone x4  
  55  6:59  Drone  
  51  7:27  Zergling x2  
  51  7:28  Zergling x26  
  62  7:45  Zergling x12  
  62  7:48  Zerg Melee Weapons Level 1  
  64  8:07  Zergling x16  
  60  8:20  Zergling x2  
  60  8:21  Zergling x14  
  50  8:49  Zergling x2  
  50  8:50  Zergling x14  
  52  9:03  Zergling x2  
  52  9:04  Zergling x10  
  56  9:18  Zergling x2  
  56  9:19  Zergling x10  
  58  9:30  Zergling x2  
  58  9:31  Zergling x8  
  56  9:44  Zergling x4  
  56  9:45  Zergling x10  
  53  9:54  Zergling x4  
  53  9:55  Zergling x8  
  49  10:17  Zergling x14  
Show
View Real Time Build Order
Export as new Build Order

CaS Zerg 

Build Orders: Hatch First 

Get SALT Encoding   

  12  0:02  Drone  
  13  0:12  Overlord  
  13  0:18  Drone  
  14  0:36  Drone x2  
  14  0:37  Drone  
  17  0:56  Hatchery  
  16  1:07  Drone  
  16  1:10  Extractor  
  16  1:15  Spawning Pool  
  16  1:17  Drone  
  16  1:22  Drone  
  17  1:28  Drone  
  18  1:36  Drone  
  19  1:55  Drone x2  
  21  2:07  Queen  
  21  2:08  Queen  
  25  2:09  Overlord  
  25  2:11  Drone  
  26  2:25  Zergling x4  
  28  2:41  Zergling x6  
  28  2:42  Zergling x2  
  32  2:59  Extractor  
  32  3:01  Evolution Chamber  
  16  3:20  Drone x3  
  16  3:21  Drone x3  
  22  3:33  Roach Warren  
  21  3:35  Queen  
  9  4:16  Roach  
  10  4:17  Roach x4  
  10  5:02  Drone  
  11  5:30  Drone x5  
  16  5:58  Roach  
  17  6:30  Roach x2  
  21  6:44  Drone  
  22  6:47  Overlord  
  20  7:32  Roach  
  20  7:53  Spine Crawler  
  20  7:56  Overlord  
  20  7:57  Overlord  
Show
View Real Time Build Order
Export as new Build Order

Throwfordays Protoss - Winner!

Build Orders:  

Get SALT Encoding   

  12  0:00  Probe  
  13  0:12  Probe  
  14  0:20  Pylon  
  14  0:25  Probe  
  15  0:34  Assimilator  
  15  0:38  Probe  
  16  0:44  Gateway  
  16  0:51  Probe  
  17  0:59  Gateway  
  17  1:04  Probe  
  18  1:13  Probe  
  19  1:21  Probe  
  20  1:31  Cybernetics Core  
  20  1:33  Zealot  
  20  1:37  Pylon  
  22  1:48  Warp Gate  
  22  1:55  Zealot  
  22  2:00  Zealot  
  26  2:06  Pylon  
  26  2:22  Zealot  
  28  2:27  Stalker  
  30  2:49  Stalker  
  32  2:53  Nexus  
  32  2:59  Assimilator  
  32  3:13  Assimilator  
  32  3:21  Probe  
  33  3:30  Gateway  
  33  3:33  Probe  
  34  3:45  Probe  
  35  3:57  Probe  
  35  4:00  Gateway  
  35  4:02  Forge  
  36  4:04  Probe  
  36  4:05  Probe  
  38  4:12  Pylon, Probe  
  38  4:14  Probe  
  39  4:22  Probe  
  41  4:31  Protoss Ground Weapons Level 1  
  39  4:46  Gateway  
  39  4:51  Stalker  
  39  4:52  Stalker x2  
  35  4:57  Pylon  
  35  4:59  Twilight Council  
  35  5:01  Probe  
  36  5:12  Probe  
  37  5:20  Probe  
  37  5:28  Probe  
  39  5:40  Probe  
  39  5:42  Pylon  
  40  5:52  Probe  
  40  5:56  Stalker  
  40  5:57  Stalker x3  
  45  5:58  Stalker  
  51  6:11  Gateway  
  51  6:14  Probe  
  51  6:15  Probe  
  51  6:18  Assimilator  
  47  6:26  Probe  
  47  6:28  Probe  
  49  6:38  Stalker x4  
  49  6:39  Probe  
  58  6:40  Probe  
  58  6:42  Stalker  
  61  6:51  Probe  
  61  6:52  Probe  
  63  7:03  Probe  
  63  7:04  Probe  
  65  7:21  Stalker x2  
  69  7:23  Protoss Ground Weapons Level 2  
  63  7:35  Pylon  
  63  7:36  Stalker x2  
  63  7:37  Stalker  
  69  7:39  Pylon  
  69  7:41  Pylon  
  69  7:51  Nexus  
  63  9:10  Stalker  
  63  9:11  Stalker x5  
  67  9:41  Adept  
  67  9:42  Adept x5  
  65  10:03  Probe  
  65  10:05  Probe  
  65  10:15  Probe  
  65  10:16  Adept x4  
  65  10:17  Adept x2, Probe  
  79  10:27  Probe  
  80  10:29  Probe  
  81  10:37  Adept  
  81  10:38  Adept x5  
Show
View Real Time Build Order
Export as new Build Order

Faust Zerg - Winner!

Build Orders: 1 Base Baneling Bust, Pool First, Zergling Baneling 

Get SALT Encoding   

  12  0:10  Drone x2  
  14  0:18  Extractor, Drone  
  15  0:23  Overlord  
  15  0:35  Extractor  
  14  0:41  Drone  
  15  0:47  Spawning Pool  
  14  0:52  Drone  
  14  0:56  Drone  
  16  1:33  Zergling x4  
  16  1:34  Zergling x2, Queen  
  16  1:36  Metabolic Boost  
  21  1:45  Overlord  
  21  1:56  Baneling Nest  
  21  1:58  Drone  
  21  2:08  Drone  
  22  2:24  Zergling x2  
  22  2:47  Baneling x3  
  22  2:48  Baneling x2  
  22  2:49  Zergling x10  
  27  3:19  Baneling  
  25  3:20  Zergling x2, Baneling  
  25  3:24  Zergling x8  
  25  3:25  Overlord  
  30  3:40  Hatchery  
  26  4:01  Zergling x6  
  26  4:02  Zergling x4  
  28  4:13  Zergling x2  
  28  4:34  Baneling x2  
  20  4:56  Zergling x6  
  20  4:57  Zergling x4  
  23  5:05  Queen  
  23  5:06  Drone  
  23  5:07  Drone x2  
  28  5:11  Lair  
  28  5:17  Roach Warren, Drone x2  
  29  5:44  Baneling x2  
  29  5:45  Zergling x12  
  29  5:49  Drone x2  
  37  6:02  Extractor  
  31  6:24  Roach  
  31  6:25  Roach x5  
  43  6:31  Overlord x2  
  43  6:36  Baneling x2  
  42  6:42  Roach  
  42  6:44  Overlord  
  44  6:52  Roach x3  
  47  7:14  Roach x4  
  54  7:21  Zergling x6  
  56  7:28  Drone x2  
  56  7:29  Drone  
  59  7:35  Glial Reconstitution  
  59  7:38  Drone  
  59  7:41  Drone  
  62  7:44  Drone  
  60  8:19  Baneling x3  
  55  8:20  Baneling  
  55  8:24  Roach x4  
  61  8:29  Extractor, Drone x3  
  61  8:30  Extractor, Drone x3  
  61  8:31  Drone x3  
  64  8:51  Drone x3  
  64  8:53  Drone  
  68  9:02  Hatchery, Drone  
  62  9:25  Drone x2  
  62  9:26  Drone x2  
  62  9:27  Zergling x4  
  66  9:34  Zergling x4  
  66  9:38  Overlord x3  
  68  9:40  Hydralisk Den  
  67  10:10  Baneling  
  67  10:11  Baneling x2  
  66  10:17  Drone x8  
  66  10:18  Overlord x3  
  66  10:19  Overlord  
Tags
 
Add a new tag
Caveats
  • Supply blocks, unpowered buildings, or Contaminate may cause inaccurate times.
  • Supply counts are checked every 10 seconds.